 Dungeon Crawl Stone Soup version 0.26.1-11-gd32895ea62 (webtiles) character file.

Game seed: 6483093990014382103

1060 Tocho the Slasher (level 8, -12/66 HPs)
             Began as a Green Draconian Conjurer on June 16, 2021.
             Was a Follower of Vehumet.
             Mangled by a white ugly thing (35 damage)
             ... on level 6 of the Dungeon.
             The game lasted 00:19:26 (7747 turns).

Tocho the Slasher (Green Draconian Conjurer)        Turns: 7747, Time: 00:19:26

Health: -12/66     AC:  8    Str: 11    XL:     8   Next: 6%
Magic:  7/12       EV: 16    Int: 22    God:    Vehumet [*.....]
Gold:   254        SH:  0    Dex:  9    Spells: 9/12 levels left

rFire    . . .     SeeInvis .   i - +0 long sword
rCold    . . .     Faith    .   (no shield)
rNeg     . . .     Spirit   .   (armour unavailable)
rPois    +         Reflect  .   (helmet restricted)
rElec    .         Harm     .   (no cloak)
rCorr    .         Rampage  .   h - +0 pair of gloves of Qefups {Int+2} (curse)
Will     .....                  s - +0 pair of boots
Stlth    ++........             (no amulet)
HPRegen  0.21/turn              n - +4 ring of evasion
MPRegen  0.13/turn              (no ring)

@: no status effects
A: breathe noxious fumes, unfitting armour, poison resistance, cold-blooded, AC
+6
a: Breathe Noxious Fumes, Renounce Religion


You were on level 6 of the Dungeon.
You worshipped Vehumet.
Vehumet was aware of your devotion.
You visited 1 branch of the dungeon, and saw 6 of its levels.

You collected 254 gold pieces.

Inventory:

Hand Weapons
 d - a +0 short sword
 i - a +0 long sword (weapon)
Missiles
 m - 23 poisoned darts
Armour
 h - the cursed +0 pair of gloves of Qefups (worn) {Int+2}
   (You found it on level 6 of the Dungeon)

   It affects your intelligence (+2).
   It has a curse placed upon it.
 l - a +0 pair of gloves
 s - a +0 pair of boots (worn)
Magical Staves
 x - an uncursed staff of air {unknown}
 z - an uncursed staff of death {unknown}
Jewellery
 n - a +4 ring of evasion (left hand)
Wands
 o - a wand of iceblast (6)
 t - a wand of enslavement (6)
 y - a wand of random effects (16)
 B - a wand of digging (4)
Scrolls
 a - 3 scrolls of enchant armour {unknown}
 b - 2 scrolls of magic mapping {unknown}
 e - 2 scrolls of enchant weapon {unknown}
 f - 5 scrolls of teleportation {unknown}
 g - 4 scrolls of immolation {unknown}
 j - a scroll of remove curse {unknown}
 r - a scroll of random uselessness {unknown}
 v - a scroll of fear {unknown}
 A - a scroll of silence {unknown}
Potions
 c - 2 potions of curing
 k - 3 potions of degeneration
 p - a potion of brilliance
 q - a potion of heal wounds
 u - 2 potions of ambrosia
 w - a potion of berserk rage {unknown}


   Skills:
 * Level 4.3 Fighting
 * Level 6.4 Long Blades
 + Level 2.9 Dodging
 + Level 3.1 Stealth
 + Level 2.7 Spellcasting
 + Level 4.9 Conjurations


You had 9 spell levels left.
You knew the following spells:

 Your Spells              Type           Power        Failure   Level
a - Magic Dart            Conj           96%          1%          1
b - Searing Ray           Conj           48%          2%          2

Your spell library contained the following spells:

 Spells                   Type           Power        Failure   Level
 Freeze                   Ice            8%           13%         1
 Sandblast                Erth           4%           13%         1
 Dazzling Flash           Conj/Hex       26%          14%         3
 Stone Arrow              Conj/Erth      26%          14%         3
 Passwall                 Tmut/Erth      1%           19%         2
 Fulminant Prism          Conj/Hex       6%           43%         4
 Iskenderun's Mystic Bla  Conj/Tloc      13%          43%         4
 Petrify                  Tmut/Erth      2%           77%         4
 Lee's Rapid Deconstruct  Erth           1%           98%         5


Dungeon Overview and Level Annotations

Branches:
Dungeon (6/15)             Temple (0/1) D:4

Altars:
Dithmenos
Elyvilon
Kikubaaqudgha
Qazlal
Vehumet

Annotations:
D:6 2 runed translucent doors


Innate Abilities, Weirdness & Mutations

You can breathe blasts of noxious fumes.
Your lurid green scales are hard. (AC +6)
You cannot fit into any form of body armour.
Your system is resistant to poisons. (rPois)
You are cold-blooded and may be slowed by cold attacks.


Message History

The white ugly thing completely misses you.
The white ugly thing stings you but does no damage.
Aiming: Searing Ray (safe; 2% risk of failure)
Press: ? - help, Q - select action, (/) - cycle Shift-Dir - straight line, f - white ugly thing
Aim: a white ugly thing (21% to evade)
The searing ray hits the white ugly thing.
The white ugly thing is lightly wounded. (Press . to maintain the ray.)
The white ugly thing closely misses you.
The searing ray hits the white ugly thing.
The white ugly thing is lightly wounded.
The white ugly thing barely misses you.
The searing ray hits the white ugly thing.
The white ugly thing is lightly wounded.
The white ugly thing stings you! The white ugly thing freezes you!!
The searing ray misses the white ugly thing.
You finish channeling your searing ray.
The white ugly thing stings you. The white ugly thing freezes you!!
Ouch! That really hurt!
You die...

#.########.#.# #..######.
#............###.##...)##
#########........#.####.#
##.......รท##.#...#
#..##++##.'.##.#.#
#.##8..8#####.##.#
#.#8....8# #..#(##
#.#)...."# ######
#@#Y....[# #u#8...?8#
#.##8..8## #..##''##.+
##........# #######..#


You could see a white ugly thing and a yak.

Vanquished Creatures
  Menkaure (D:4)
  Edmund (D:4)
  An ice beast (D:5)
  A phantom (D:5)
  A bullfrog (D:6)
  2 scorpions
  A howler monkey (D:5)
  A bullfrog skeleton (D:4)
  A hound (D:5)
  2 orc wizards
  An iguana (D:6)
  A worker ant (D:6)
  A howler monkey zombie (D:6)
  6 adders
  6 gnolls (D:3)
  A howler monkey skeleton (D:4)
  2 white imps
  An ooze (D:5)
  An adder skeleton (D:5)
  3 worms
  3 dart slugs
  3 leopard geckos (D:4)
  23 orcs
  6 giant cockroaches
  5 hobgoblins
  6 jackals
  4 kobolds
  2 quokkas (D:4)
  2 bats
  7 frilled lizards
  A giant cockroach zombie (D:5)
  3 goblins
  A jackal skeleton (D:4)
  A jackal zombie (D:5)
  A leopard gecko skeleton (D:5)
  5 rats
108 creatures vanquished.

Vanquished Creatures (others)
  A quokka (D:3)
1 creature vanquished.

Grand Total: 109 creatures vanquished

Notes
Turn   | Place    | Note
-------+----------+-------------------------------------------
     0 | D:1      | Tocho the Draconian Conjurer began the quest for the Orb.
     0 | D:1      | Reached XP level 1. HP: 14/14 MP: 3/3
   329 | D:1      | Reached XP level 2. HP: 10/20 MP: 5/5
   977 | D:1      | Learned a level 2 spell: Searing Ray
  1277 | D:2      | Reached XP level 3. HP: 27/27 MP: 1/6
  2041 | D:3      | Reached skill level 1 in Long Blades
  2306 | D:3      | Reached XP level 4. HP: 34/34 MP: 2/7
  2518 | D:3      | Reached skill level 2 in Long Blades
  2779 | D:3      | Found a radiant altar of Vehumet.
  2782 | D:3      | Found an ancient bone altar of Kikubaaqudgha.
  2784 | D:3      | Found a stormy altar of Qazlal.
  2790 | D:3      | Reached skill level 1 in Fighting
  2800 | D:3      | Reached XP level 5. HP: 23/40 MP: 1/8
  2990 | D:3      | Became a worshipper of Vehumet
  3061 | D:3      | Found a white marble altar of Elyvilon.
  3218 | D:3      | Reached skill level 3 in Long Blades
  3399 | D:4      | Noticed Menkaure
  3655 | D:4      | Found a staircase to the Ecumenical Temple.
  4558 | D:4      | Reached XP level 6. HP: 47/47 MP: 5/9
  4570 | D:4      | Found a shadowy altar of Dithmenos.
  4578 | D:4      | Reached skill level 4 in Long Blades
  4987 | D:4      | Noticed Edmund
  5024 | D:4      | Killed Edmund
  5992 | D:4      | Killed Menkaure
  5993 | D:4      | Reached skill level 5 in Long Blades
  5993 | D:4      | Your scales start taking on a lurid green colour.
  5993 | D:4      | Reached XP level 7. HP: 56/56 MP: 2/10
  5993 | D:4      | Gained mutation: Your system is resistant to poisons.
                  | (rPois) [Green Draconian growth]
  6092 | D:5      | Entered Level 5 of the Dungeon
  6800 | D:5      | Reached skill level 6 in Long Blades
  6862 | D:5      | Reached * piety under Vehumet
  6862 | D:5      | Offered knowledge of Freeze by Vehumet.
  7321 | D:6      | Found an ancient bone altar of Kikubaaqudgha.
  7405 | D:6      | Got a pair of warped gloves
  7416 | D:6      | Identified the cursed +0 pair of gloves of Qefups {Int+2}
                  | (You found it on level 6 of the Dungeon)
  7476 | D:6      | Found a large runed translucent door.
  7477 | D:6      | Found a large runed translucent door.
  7499 | D:6      | Noticed a white ugly thing
  7499 | D:6      | Noticed a yak
  7533 | D:6      | Reached XP level 8. HP: 59/66 MP: 4/12
  7721 | D:6      | Found a large runed translucent door.
  7721 | D:6      | Found a large runed translucent door.
  7747 | D:6      | Mangled by a white ugly thing

Illustrated notes

Levels and vault maps discovered:
D:1:      lemuel_arrival_broad_hall, layout_basic
D:2:      layout_basic
D:3:      layout_loops_cross, elyvilon_altar_4, grunt_temple_overflow_open
D:4:      layout_basic, overflow_temple_1_default,
          minmay_temple_entry_statues_fountains, minmay_misc_feat_roman,
          nrook_loot_triangle, hangedman_decor_clover_reticule, uniq_menkaure,
          uniq_edmund
D:5:      layout_basic, minmay_misc_feat_columns
D:6:      layout_loops_ring, kennysheep_mini, basic_altar,
          minmay_hollow_rounded_squares

Skill      XL: |  1  2  3  4  5  6  7 |
---------------+----------------------+-----
Stealth        | 2 3 |  3.1
Long Blades    | 1 2 3 5 6 |  6.4
Dodging        | 2 |  2.9
Fighting       | 1 2 4 |  4.3
Spellcasting   | |  2.7
Conjurations   | |  4.9

Action                   |  1- 3 |  4- 6 |  7- 9 || total
-------------------------+-------+-------+-------++-------
Melee: Short sword       |    32 |       |       ||    32
       Tailslap          |     6 |     9 |     6 ||    21
       Long sword        |    39 |   104 |    36 ||   179
 Cast: Magic Dart        |    11 |       |       ||    11
       Searing Ray       |     9 |    19 |    16 ||    44
 Abil: Breathe Noxious F |       |       |     6 ||     6
  Use: Scroll            |     2 |       |     5 ||     7
       Potion            |       |     3 |       ||     3
 Stab: Sleeping          |     1 |     1 |       ||     2
       Confused          |       |       |     1 ||     1
Armor: Skin              |    27 |    45 |    14 ||    86
Dodge: Dodged            |    65 |    73 |    52 ||   190
       Rpst.: Long sword |    10 |    24 |    12 ||    46
